 Dungeon Crawl Stone Soup version 0.28.0-43-g3370ac3207 (webtiles) character file.

Game seed: 3410961690683443943

1502 Peloso the Slasher (level 8, -5/70 HPs)
             Began as a Minotaur Fighter on Mar 27, 2022.
             Was a Follower of Okawaru.
             Killed from afar by a gargoyle (11 damage)
             ... with a stone arrow
             ... on level 5 of the Dungeon.
             The game lasted 00:06:05 (5049 turns).

Peloso the Slasher (Minotaur Fighter)               Turns: 5049, Time: 00:06:06

Health: -5/70      AC:  8    Str: 21    XL:     8   Next: 52%
Magic:  6/7        EV: 10    Int:  5    God:    Okawaru [*.....]
Gold:   372        SH:  5    Dex: 12    Spells: 7/7 levels left

rFire   . . .      SeeInvis +   a - +0 long sword
rCold   + . .      Faith    .   c - +0 buckler
rNeg    . . .      Spirit   .   b - +0 scale mail
rPois   .          Reflect  .   (helmet restricted)
rElec   .          Harm     .   (no cloak)
rCorr   .          Rampage  .   (no gloves)
Will    .....                   (no boots)
Stlth   ..........              (no amulet)
HPRegen 0.21/turn               l - ring "Ytodisch" {rC+ SInv}
MPRegen 0.10/turn               (no ring)

@: no status effects
A: horns 2, retaliatory headbutt
a: Renounce Religion, Heroism


You were on level 5 of the Dungeon.
You worshipped Okawaru.
Okawaru was aware of your devotion.
You visited 1 branch of the dungeon, and saw 5 of its levels.

You collected 372 gold pieces.

Inventory:

Hand Weapons
 a - a +0 long sword (weapon)
Armour
 b - a +0 scale mail (worn)
 c - a +0 buckler (worn)
Jewellery
 l - the ring "Ytodisch" (left hand) {rC+ SInv}
   (You found it on level 3 of the Dungeon)

   [ring of protection from cold]

   rC:        It protects you from cold.
   SInv:      It lets you see invisible.
Wands
 j - a wand of flame (56)
Scrolls
 f - 2 scrolls of fog {unknown}
 g - a scroll of blinking {unknown}
 i - 3 scrolls of identify {unknown}
 n - a scroll of immolation {unknown}
Potions
 d - a potion of invisibility {unknown}
 e - a potion of attraction {unknown}
 h - a potion of curing
 k - a potion of heal wounds {unknown}
 m - a potion of brilliance {unknown}
 o - a potion of degeneration {unknown}


   Skills:
 + Level 6.0 Fighting
 + Level 7.5 Long Blades
 + Level 7.4 Armour
 + Level 3.3 Dodging
 + Level 0.9 Stealth
 + Level 6.2 Shields
 + Level 0.4 Evocations


You had 7 spell levels left.
You didn't know any spells.
Your spell library contained the following spells:

 Spells                   Type           Power      Damage    Failure   Level
 Pain                     Necr           0%         1d4       86%         1
 Gell's Gravitas          Tloc           0%         N/A       99%         3
 Lesser Beckoning         Tloc           0%         N/A       99%         3
 Teleport Other           Tloc           0%         N/A       99%         3
 Vampiric Draining        Necr           0%         2d6       99%         3
 Animate Skeleton         Necr           Unusable   N/A       N/A         1
 Summon Small Mammal      Summ           Unusable   N/A       N/A         1
 Call Canine Familiar     Summ           Unusable   N/A       N/A         3
 Summon Guardian Golem    Hex/Summ       Unusable   N/A       N/A         3

Dungeon Overview and Level Annotations

Branches:
Dungeon (5/15)
 Temple: D:4-7

Altars:
Okawaru

Shops:
D:5 ([


Innate Abilities, Weirdness & Mutations

You have a pair of horns on your head.
You reflexively headbutt those who attack you in melee.


Message History

The gargoyle is moderately damaged.
The gargoyle barely misses you.
It was a potion of curing.
You feel better.
The gargoyle hurls a stone arrow at you.
The stone arrow misses you.
Okay, then.
You hit the gargoyle but do no damage. Your headbutt misses the gargoyle.
The gargoyle is moderately damaged.
The gargoyle closely misses you.
You hit the gargoyle but do no damage.
The gargoyle is moderately damaged.
You block the gargoyle's attack.
You slash the gargoyle! Your headbutt misses the gargoyle.
The gargoyle is heavily damaged.
The gargoyle completely misses you.
You hit the gargoyle.
The gargoyle is severely damaged.
The gargoyle hurls a stone arrow at you.
The stone arrow misses you.
You hit the gargoyle.
The gargoyle is almost destroyed.
You hit the gargoyle but do no damage.
You headbutt the gargoyle, but do no damage.
The gargoyle is almost destroyed.
The gargoyle hits you with a +0 mace!
* * * LOW HITPOINT WARNING * * *
You hit the gargoyle but do no damage.
You headbutt the gargoyle, but do no damage.
The gargoyle is almost destroyed.
The gargoyle barely misses you.
You barely miss the gargoyle.
The gargoyle is almost destroyed.
You feel like a meek peon again. The gargoyle hits you with a +0 mace!
* * * LOW HITPOINT WARNING * * *
You hit the gargoyle but do no damage.
The gargoyle is almost destroyed.
The gargoyle hurls a stone arrow at you.
The stone arrow hits you!
You die...

....#.#...#......'......##.......
....#.#.).##.....#.......#######.
....#.#<...###...#........# #.
....#.##...# ##..#.......########
....#......# ##'#....†.##....###
....#.##...# ###†###...##......##
....#.##...###.....###'#........#
....#.##...#.........#)#........'
###.#.##...#....@....#.#........'
#........#...$9$...#.'........#
###.#....#...$.$...#.##......##
#.#....#....[....#.###....##.
#.##.#.#.........#.# ######..
#.##.#.###.....#+#+# ###..#
####.##.#.# ###.### #.....
##....##.#.# #+# #.#.##
.#.#####.#.# #.#..#


You could see a gargoyle.

Vanquished Creatures
  Sigmund (D:4)
  A black bear (D:4)
  An ice beast (D:5)
  2 sky beasts (D:5)
  An ogre (D:4)
  2 necrophages (D:5)
  A phantom (D:5)
  2 scorpions
  A water moccasin skeleton (D:5)
  2 hounds
  3 jellies
  2 bullfrog skeletons (D:5)
  A centaur skeleton (D:5)
  Natasha (thrice) (D:2)
  An iguana (D:5)
  2 scorpion zombies (D:5)
  3 adders
  2 ufetubi (D:5)
  A dart slug (D:1)
  5 orcs
  8 ball pythons
  4 endoplasms
  7 giant cockroaches
  4 hobgoblins
  6 jackals (D:4)
  5 quokkas
  6 bats
  6 goblins
  4 kobolds
  6 rats
  A spectral goblin (D:1)
94 creatures vanquished.

Notes
Turn   | Place    | Note
-------+----------+-------------------------------------------
     0 | D:1      | Peloso the Minotaur Fighter began the quest for the Orb.
     0 | D:1      | Reached XP level 1. HP: 19/19 MP: 0/0
    68 | D:1      | Found a faded altar of an unknown god.
   139 | D:1      | Reached XP level 2. HP: 25/27 MP: 1/1
   590 | D:1      | Reached XP level 3. HP: 33/33 MP: 2/2
   734 | D:2      | Noticed Natasha
   740 | D:2      | Killed Natasha
  1005 | D:2      | Noticed Natasha
  1013 | D:2      | Killed Natasha
  1014 | D:2      | Reached XP level 4. HP: 40/40 MP: 3/3
  1077 | D:2      | Noticed Natasha
  1085 | D:2      | Killed Natasha
  1086 | D:2      | Reached skill level 1 in Dodging
  1611 | D:3      | Identified the ring "Ytodisch" {rC+ SInv}
  1626 | D:3      | Noticed an orc warrior
  1919 | D:4      | Noticed an ogre
  1930 | D:4      | Reached XP level 5. HP: 47/47 MP: 4/4
  1934 | D:4      | Killed an ogre
  2121 | D:4      | Reached skill level 5 in Long Blades
  2150 | D:4      | Reached skill level 5 in Armour
  2150 | D:4      | Reached XP level 6. HP: 37/53 MP: 5/5
  2967 | D:4      | Noticed Sigmund
  2990 | D:4      | Killed Sigmund
  2991 | D:4      | Reached XP level 7. HP: 33/60 MP: 6/6
  3518 | D:4      | Found an iron altar of Okawaru.
  3526 | D:4      | Became a worshipper of Warmaster Okawaru
  3821 | D:5      | Entered Level 5 of the Dungeon
  3855 | D:5      | Reached skill level 5 in Shields
  3964 | D:5      | Reached skill level 5 in Fighting
  4107 | D:5      | Found Giuwaqe's Armour Boutique.
  4420 | D:5      | Reached XP level 8. HP: 59/68 MP: 7/7
  4700 | D:5      | Found Hihe Jah's Weapon Shoppe.
  4811 | D:5      | Reached * piety under Okawaru
  5031 | D:5      | Noticed a gargoyle
  5049 | D:5      | Killed from afar by a gargoyle

Illustrated notes

Levels and vault maps discovered:
D:1:      minmay_arrival_shoal_huts, layout_rooms,
          dreamdust_ecumenical_altar_drowned_temple, st_stairs_8
D:2:      layout_rooms, uniq_natasha
D:3:      layout_rooms
D:4:      layout_layer_cave, kennysheep_okawaru_gauntlet, uniq_sigmund
D:5:      minmay_polygon_palace, layout_basic, serial_shops,
          nicolae_shop_bloodbath_and_beyond, nicolae_inconvenience_store

Skill      XL: |  1  2  3  4  5  6  7  8 |
---------------+-------------------------+-----
Shields        | 4 5 6 |  6.2
Armour         | 4 5 6 7 |  7.4
Fighting       | 4 5 6 |  6.0
Long Blades    | 3 4 5 6 7 |  7.5
Dodging        | 1 2 3 |  3.3
Stealth        | |  0.9
Evocations     | |  0.4

Action                   |  1- 3 |  4- 6 |  7- 9 || total
-------------------------+-------+-------+-------++-------
Melee: Long sword        |    88 |    86 |   135 ||   309
       Headbutt          |     7 |    17 |    27 ||    51
Invok: Heroism           |       |       |     1 ||     1
Evoke: Wand              |       |       |     4 ||     4
  Use: Potion            |       |     1 |     1 ||     2
Armor: Scale mail        |    60 |    52 |    46 ||   158
Dodge: Dodged            |    39 |    57 |    58 ||   154
Block: Buckler           |    27 |    23 |    43 ||    93
